Match 47345690
Unlisted

Match 47345690
End
Construct Infanterie Kompanie
Grenadier Squad
MG 42 Machine Gun Team
Grenadier Squad
Medical Station
GrW 34 Mortar Team
Construct Panzergrenadier Kompanie
251 Medium Carrier
Panzergrenadier Squad
Selects Mechanized Battlegroup
Panzergrenadier Squad
Selects Raid Package
Selects 8 Rad Armored Car
Panzergrenadier Squad
Selects Mobile Repair Stations
8 Rad Armored Car
Pak 40 Anti-tank Gun Team
Pioneer Squad
Panzergrenadier Squad
Panzergrenadier Squad
Construct Panzer Kompanie
Selects UNKNOWN (2160084)
Panther Heavy Tank
Selects Wespe Self-propelled Artillery
Selects Zeroing Artillery Barrage
Zeroing Artillery Barrage
Panther Heavy Tank
Zeroing Artillery Barrage
Kettenkrad Recon Vehicle
Panther Heavy Tank
Panther Heavy Tank
Panther Heavy Tank
frostie
likewind3
KnJaz
Elite Gamer Beef Chugger
quangdung.tr0809
Steelcurrent
0
0

Comments sign in to comment!

No comments posted yet!